 Seeded DCSS version 0.26-a0-1139-g7d2dc893a1 (webtiles) character file.

Game seed: 17428681369516740799 (custom seed)

22 melloss the Sneak (level 2, -5/13 HPs)
             Began as a Spriggan Enchanter on Dec 21, 2020.
             Slain by a gnoll
             ... wielding a +0 halberd
              (18 damage)
             ... on level 1 of the Dungeon.
             The game lasted 00:01:40 (620 turns).

melloss the Sneak (Spriggan Enchanter)               Turns: 620, Time: 00:01:43

Health: -5/13      AC:  2    Str:  4    XL:     2   Next: 68%
Magic:  4/6        EV: 18    Int: 16    God:
Gold:   76         SH:  0    Dex: 16    Spells: 3/6 levels left

rFire    . . .     SeeInvis +   a - +1 dagger
rCold    . . .     Faith    .   (shield restricted)
rNeg     . . .     Spirit   .   b - +0 robe
rPois    .         Reflect  .   (helmet restricted)
rElec    .         Harm     .   (no cloak)
rCorr    .         Rampage  .   (gloves unavailable)
Will     .....                  (boots unavailable)
Stlth    +++.......             (no amulet)
HPRegen  0.04/turn              (no ring)
MPRegen  0.10/turn              (no ring)

@: very quick
A: very small, unfitting armour, see invisible, speed 3
a: no special abilities


You were on level 1 of the Dungeon.
You visited 1 branch of the dungeon, and saw 2 of its levels.

You collected 76 gold pieces.

Inventory:

Hand Weapons
 a - a +1 dagger (weapon)
Missiles
 g - 6 datura-tipped darts
Armour
 b - a +0 robe (worn)
Scrolls
 d - a scroll of remove curse {unknown}
 f - a scroll of blinking {unknown}
Potions
 c - a potion of degeneration {unknown}
 e - a potion of magic {unknown}


   Skills:
 + Level 2.1 Short Blades
 - Level 3.0 Dodging
 + Level 5.3 Stealth
 - Level 2.8 Spellcasting
 - Level 3.6 Hexes


You had 3 spell levels left.
You knew the following spells:

 Your Spells              Type           Power        Failure   Level
a - Corona                Hex            15%          4%          1
b - Ensorcelled Hibernat  Hex/Ice        16%          14%         2

Your spell library contained the following spells:

 Spells                   Type           Power        Failure   Level
 Confusing Touch          Hex            14%          13%         3
 Tukima's Dance           Hex            14%          13%         3
 Dazzling Flash           Conj/Hex       16%          26%         3


Dungeon Overview and Level Annotations

Branches:
Dungeon (2/15)

Altars:


Innate Abilities, Weirdness & Mutations

You are very small and have problems with some larger weapons.
You are too small for most types of armour.
You have supernaturally acute eyesight. (SInv)
You cover ground extremely quickly.


Message History

HP restored.
You climb upwards.
There is a stone staircase leading down here.
Memorise Ensorcelled Hibernation, consuming 2 spell levels and leaving 3?
Okay, then.
Memorise Ensorcelled Hibernation, consuming 2 spell levels and leaving 3?
You start memorising the spell.
You continue memorising.
The gnoll completely misses you.
You continue memorising.
The gnoll misses you.
You finish memorising.
Spell assigned to 'b'.
Casting: Corona (safe; 4% risk of failure)
Confirm with . or Enter, or press ? or * to list all spells.
Aiming: Ensorcelled Hibernation (safe; 14% risk of failure)
Press: ? - help, Shift-Dir - straight line, f - gnoll
Aim: a gnoll, wielding a +0 halberd (chance to affect: 49%)
The gnoll resists with some effort.
The gnoll hits you from afar with a +0 halberd!!
Ouch! That really hurt!
You die...

# #. #g### ##### #..g#
#######.†.###.###.#####
................@>.[..#
##......#####(###.###.#
.........# # #.# #.#
##.#####.# #.###.# #.#
#.# .# #.....# #.# #.#
.# #.##### #.# #.# ##.#
#.# #.#####.##...# #.#
##........+...# #.#


You could see a gnoll.

Vanquished Creatures
  2 dart slugs (D:1)
  A giant cockroach (D:1)
  3 hobgoblins (D:1)
  3 jackals (D:1)
  A kobold (D:2)
  4 bats (D:1)
  2 goblins (D:1)
16 creatures vanquished.

Notes
Turn   | Place    | Note
-------+----------+-------------------------------------------
     0 | D:1      | melloss the Spriggan Enchanter began the quest for the Orb.
     0 | D:1      | Reached XP level 1. HP: 9/9 MP: 5/5
   132 | D:1      | Reached XP level 2. HP: 13/13 MP: 6/6
   167 | D:1      | Reached skill level 5 in Stealth
   620 | D:1      | Learned a level 2 spell: Ensorcelled Hibernation
   620 | D:1      | Slain by a gnoll

Illustrated notes

Levels and vault maps discovered:
D:1:      heliophobic_arrival_dark_side_of_the_moon, layout_basic
D:2:      layout_loops_cross, dk_noncrumbling_4, supply_closet_lemuel,
          nrook_mini_backslash

Skill      XL: |  1  2 |
---------------+-------+-----
Stealth        | 5 |  5.3
Short Blades   | 2 |  2.1
Dodging        | |  3.0
Spellcasting   | |  2.8
Hexes          | |  3.6

Action                   || total
-------------------------++-------
Melee: Dagger            ||    56
 Cast: Ensorcelled Hiber ||     1
       Corona            ||     1
 Stab: Sleeping          ||    12
Armor: Robe              ||     1
Dodge: Dodged            ||    34

Table legend: (Time is in decaauts)
 A = Elapsed time spent in this place.
 B = Non-inter-level travel time spent in this place.
 C = Inter-level travel time spent in this place.
 D = Time resting spent in this place.
 E = Time spent auto-exploring this place.
 F = Levels seen in this place.
 G = Mean time per level.
                   A        B        C        D        E       F      G
               +--------+--------+--------+--------+--------+-----+--------+
         Total |    476 |    476 |      0 |    182 |    177 |   2 |  238.0 |
       Dungeon |    476 |    476 |      0 |    182 |    177 |   2 |  238.0 |
               +--------+--------+--------+--------+--------+-----+--------+

Top non-repeatable levels by time:
     D:1: 385 daAuts
     D:2: 90 daAuts
